 Dungeon Crawl Stone Soup version 0.21-a0-426-g98080a9 (webtiles) character file.

21 Ijustatesigmund the Sneak (level 2, -6/17 HPs)
             Began as an Octopode Enchanter on Nov 6, 2017.
             Mangled by a kobold
             ... wielding a +0 short sword of electrocution
              (15 damage)
             ... on level 1 of the Dungeon.
             The game lasted 00:01:54 (602 turns).

Ijustatesigmund the Sneak (Octopode Enchanter)       Turns: 602, Time: 00:01:55

Health: -6/17      AC:  1    Str:  7    XL:     2   Next: 83%
Magic:  5/5        EV: 13    Int: 17    God:
Gold:   20         SH:  3    Dex: 12    Spells: 2/5 levels left

rFire    . . .     SeeInvis .   a - +1 dagger
rCold    . . .     Gourm    .   d - +0 buckler
rNeg     . . .     Faith    .   (helmet restricted)
rPois    .         Spirit   .   (no amulet)
rElec    .         Reflect  .   (no ring)
rCorr    .         Harm     .   (no ring)
MR       .....                  (no ring)
Stlth    +++.......             (no ring)
HPRegen  0.05/turn              (no ring)
MPRegen  0.09/turn              (no ring)
                                (no ring)
                                (no ring)

@: no status effects
A: almost no armour, stealthy swim, amphibious, 8 rings, constrict 8, camouflage
1, gelatinous body 1
a: no special abilities


You were on level 1 of the Dungeon.
You were not hungry.

You visited 1 branch of the dungeon, and saw 1 of its levels.

You collected 20 gold pieces.

Inventory:

Hand Weapons
 a - a +1 dagger (weapon)
Armour
 d - a +0 buckler (worn)
Scrolls
 e - a scroll of teleportation
Potions
 h - 3 potions of invisibility
 j - a potion of berserk rage {unknown}
Books
 b - a book of Maledictions

   Spells                             Type                      Level
   a - Corona                         Hexes                        1
   b - Ensorcelled Hibernation        Hexes/Ice                    2
   c - Confuse                        Hexes                        3
   d - Tukima's Dance                 Hexes                        3
   e - Dazzling Spray                 Conjuration/Hexes            3
Comestibles
 c - a bread ration
 f - 3 royal jellies


   Skills:
 + Level 2.0 Short Blades
 + Level 2.7 Dodging
 - Level 4.0 Stealth
 - Level 2.0 Spellcasting
 - Level 3.0 Hexes


You had 2 spell levels left.
You knew the following spells:

 Your Spells              Type           Power        Failure   Level  Hunger
a - Corona                Hex            ##.....      10%         1    #......
b - Ensorcelled Hibernat  Hex/Ice        #.....       26%         2    ###....


Dungeon Overview and Level Annotations

Branches:
Dungeon (1/15)

Altars:


Innate Abilities, Weirdness & Mutations

You cannot wear most types of armour.
You are very stealthy in the water. (Stealth+)
You are amphibious.
You can wear up to eight rings at the same time.
You can use your tentacles to constrict eight enemies at once.
Your skin changes colour to match your surroundings (Stealth+).
Your rubbery body absorbs attacks. (AC +1, EV +1)


Message History

You constrict the kobold, but do no damage.
The kobold hits you but does no damage.
You hit the kobold. Your squeeze misses the kobold.
The kobold is moderately wounded.
You constrict the kobold.
The kobold throws a stone.
The stone hits you but does no damage. The kobold closely misses you.
You block the rat's attack.
You hit the kobold but do no damage.
The kobold is severely wounded.
You constrict the kobold, but do no damage.
The kobold throws a stone.
The stone closely misses you. The kobold hits you with a club.
The rat bites you.
You hit the kobold.
You kill the kobold!
The rat closely misses you.
You closely miss the kobold. Your grab misses the kobold.
The kobold hits you with a short sword of electrocution.
You are electrocuted!
Ouch! That really hurt!
You die...

#.######....#######
##.### ##..........
#....# #.#########
#....# #.# #....#
##'####
##....####.....#
#....(..##.)...#
#.......##.....#
#..r@...###'####
#..)K...##..#
#.......+...#
#.......##.##
#.......##.#
#.......##.# ##
##########.#
######. #.# #......
#.# ##......


You could see a kobold and a rat.

Vanquished Creatures
  A dart slug (D:1)
  2 bats (D:1)
  A giant cockroach (D:1)
  2 frilled lizards (D:1)
  5 goblins (D:1)
  5 kobolds (D:1)
  3 rats (D:1)
19 creatures vanquished.

Notes
Turn   | Place    | Note
-------+----------+-------------------------------------------
     0 | D:1      | Ijustatesigmund the Octopode Enchanter began the quest for the Orb.
     0 | D:1      | Reached XP level 1. HP: 11/11 MP: 3/3
   345 | D:1      | Reached XP level 2. HP: 17/17 MP: 5/5
   526 | D:1      | Learned a level 2 spell: Ensorcelled Hibernation
   602 | D:1      | Mangled by a kobold

Vault maps used:
D:1:      dpeg_arrival_leaves_temple_mockup, minmay_domino_2

Skill      XL: |  1  2 |
---------------+-------+-----
Short Blades   | 2 |  2.0
Dodging        | |  2.7
Stealth        | |  4.0
Spellcasting   | |  2.0
Hexes          | |  3.0

Action                   || total
-------------------------++-------
Melee: Dagger            ||    37
       Constrict         ||     6
  Use: Scroll            ||     5
 Stab: Sleeping          ||     8
Armor: Skin              ||     4
Dodge: Dodged            ||    14
Block: Buckler           ||     2

Table legend:
 A = Spawn XP
 B = Non-spawn XP
 C = Spawn XP percentage of total XP
 D = Spawn monster count
 E = Non-spawn monster count
 F = Spawn count percentage of total count
 G = Total turns spent on level
                    A         B        C        D         E        F      G
               +---------+---------+-------+---------+---------+-------+---------
         Total |       0 |      30 |   0.0 |       0 |      19 |   0.0 |   602
               +---------+---------+-------+---------+---------+-------+---------
           D:1 |       0 |      30 |   0.0 |       0 |      19 |   0.0 |   602
               +---------+---------+-------+---------+---------+-------+---------
